[Event "Alef Super Stars Blitz 2023"]
[Site "Almamsha"]
[Date "2023.12.06"]
[Round "4.2"]
[White "Sjugirov, Sanan"]
[Black "Yu, Yangyi"]
[Result "1/2-1/2"]
[ECO "C50"]
[WhiteElo "2703"]
[BlackElo "2714"]
[Annotator "TA"]
[PlyCount "212"]
[EventDate "2023.11.27"]
[EventType "tourn"]
[EventCountry "UAE"]
[SourceTitle "playchess.com"]
[Source "ChessBase"]
[SourceQuality "1"]
[TimeControl "180+2"]

1. e4 e5 2. Nf3 Nc6 3. Bc4 Nf6 4. d3 Bc5 5. a4 h6 6. O-O d6 7. a5 a6 8. c3 O-O 9. h3 Ba7 10. Be3 Bxe3 11. fxe3 b5 12. axb6 cxb6 13. Nbd2 Ra7 14. d4 b5 15. Bd3 Rc7 16. Qe1 Ne7 17. Nh4 Ng6 18. Nxg6 fxg6 19. Qg3 g5 20. Rf3 Rcf7 21. Raf1 Be6 22. Qe1 Qb6 23. R3f2 Qb7 24. Qa1 g4 25. hxg4 Nxg4 26. Rxf7 Rxf7 27. Rxf7 Qxf7 28. Qe1 Qh5 29. Nf3 Qf7 30. Qg3 Qf6 (30... Nxe3 31. Nxe5 Qh5 32. Qxe3 $11) 31. Nd2 h5 32. Nf1 g6 33. Be2 Kg7 34. Bf3 (34. Bxg4 $11 {remains equal.} Bxg4 35. Nh2) 34... Qg5 (34... h4 $5 35. Qe1 Qg5 $15) 35. Qe1 (35. b4 $15) 35... h4 36. Kh1 (36. Qd2 $142) 36... Bc4 $17 37. Bxg4 Qxg4 38. Nd2 Bd3 39. dxe5 dxe5 ({Don't play} 39... Bxe4 $6 40. Nxe4 (40. exd6 $2 Qxg2#) 40... Qxe4 41. exd6 $11) (39... h3 $1 $17 40. g3 dxe5) 40. Kh2 $15 Bxe4 41. Qf2 (41. Nxe4 $15 Qxe4 42. Qd2) 41... Bc6 $19 42. b4 Be4 ({Black should play} 42... Bd5 $19 {White must now prevent ...g5.} 43. e4 Bc6) 43. Nb3 (43. Nxe4 $1 $15 Qxe4 44. Qd2) 43... Bf5 $17 44. Nc5 h3 (44... Bc8 $1 $17 45. Nd3 g5) 45. gxh3 $2 ({Not} 45. g3 $2 Qc4 46. Nb7 Qxc3 $19) (45. Qf3 $11 {and White is okay.}) 45... Qxh3+ $19 46. Kg1 Qg4+ $2 (46... g5 $19 {And now ...Kg6 would win.} 47. e4 Bg4) 47. Kh2 (47. Qg2 $15) 47... Qh3+ 48. Kg1 Bg4 $2 (48... g5 $19 {Threatens to win with ...Kg6.} 49. e4 Bg4) 49. Qd2 $2 (49. Nd3 $11) 49... Qg3+ $19 50. Kf1 Qf3+ $2 (50... a5 51. bxa5 Bh3+ 52. Ke2 Qg4+ 53. Kd3 Qc4+ 54. Kc2 Qxc5) 51. Kg1 Qg3+ $2 (51... Bf5 52. Qf2 Qh3) 52. Kf1 $1 $19 Qf3+ $2 (52... a5 53. bxa5 Bh3+ 54. Ke2 Qg4+ 55. Kd3 Qc4+ 56. Kc2 Qxc5) 53. Kg1 $1 $19 Qg3+ $2 (53... Bf5 54. Qf2 Qh3) 54. Kf1 $1 $19 Bh3+ 55. Ke2 Qg4+ 56. Kd3 Qc4+ (56... a5 $1 $19 57. Kc2 a4) 57. Kc2 $17 Qa2+ ({Black should try} 57... a5 $17 58. Qd6 axb4 59. Qxe5+ Kh7 60. Qe7+ Kh6) 58. Kc1 $11 Qa1+ 59. Kc2 Bf5+ (59... Qg1 $5 ) 60. e4 Qa2+ 61. Kd3 (61. Kc1 $5 Qxd2+ 62. Kxd2 $15) 61... Qxd2+ (61... Qc4+ {looks sharper.} 62. Ke3 Bc8 63. Qd3 g5) 62. Kxd2 Bc8 63. Ke3 g5 64. Kf3 Kf6 65. Kg3 Ke7 66. Kf3 Kd6 67. Nd3 Bh3 68. Nf2 Be6 69. Ng4 Bb3 70. Ne3 Be6 71. Ng4 Bc8 72. Ne3 Bd7 73. Nd5 {[%emt 0:00:03] [#]} (73. Nd1 $11 {keeps the balance.}) 73... g4+ $1 $17 74. Kg3 Bc6 75. Ne3 Bxe4 76. Kxg4 Ke6 77. Kg5 Bd3 78. Kg4 Be2+ 79. Kg5 Bf3 80. Kh4 Kf6 81. Kg3 Bb7 82. Kg4 Bc6 83. Kh4 Bf3 84. Kg3 Bb7 85. Kg4 Bc6 86. Kh4 $1 Bb7 87. Kg4 Be4 88. Kh4 Bb7 89. Kg4 Bc6 90. Kh4 $1 Bd7 91. Kh5 Bc8 92. Kh4 Bd7 93. Kh5 $1 Be6 94. Kh4 Kg6 95. Kg3 Kg5 96. Kf3 Bf5 ({Better is} 96... Bc8 $17 97. Ke4 Kf6) 97. Nd5 $1 $11 Kg6 98. Nc7 Bc8 99. Ke4 (99. Ne8 $1 $11) 99... Kf6 $17 100. Ne8+ Ke7 101. Ng7 Kd6 102. Ne8+ Kd7 103. Ng7 $1 Kd6 104. Ne8+ Ke7 105. Ng7 $1 {[%emt 0:00:02] [#]} ({Much worse is} 105. Nc7 Kd7 106. Nd5 Kd6 $17) 105... Kf7 $1 106. Nf5 Kf6 1/2-1/2

[Event "Alef Super Stars Blitz 2023"]
[Site "Almamsha"]
[Date "2023.12.06"]
[Round "5.1"]
[White "Sjugirov, Sanan"]
[Black "Salem, A.R. Saleh"]
[Result "0-1"]
[ECO "C50"]
[WhiteElo "2703"]
[BlackElo "2639"]
[Annotator "TA"]
[PlyCount "71"]
[EventDate "2023.11.27"]
[EventType "tourn"]
[EventCountry "UAE"]
[SourceTitle "playchess.com"]
[Source "ChessBase"]
[SourceQuality "1"]
[TimeControl "180+2"]

1. e4 e5 2. Nf3 Nc6 3. Bc4 Nf6 4. d3 Bc5 5. a4 O-O 6. O-O {[%emt 0:00:02] C50: Hungarian Defence and Giuoco Pianissimo.} d6 7. h3 {[%emt 0:00:05] is recently more successful than 7.c3.} a6 8. c3 h6 9. a5 Re8 $5 {[%emt 0:00:08][%mdl 4] Leaves trodden paths.} 10. Re1 Ba7 11. Qb3 Rf8 {[%emt 0:00:04] [#]} 12. Be3 $146 ({Predecessor:} 12. Nbd2 Nh5 13. Nf1 Qf6 14. Be3 Nf4 15. Bxf4 Qxf4 16. Ne3 {½-½ Yeo,G (2378)-Uberos Fernandez,A (2326) ESP MG2/C email 2017}) 12... Bxe3 13. Rxe3 Nh5 14. Nbd2 Nf4 15. d4 Qf6 16. dxe5 dxe5 17. Bf1 Rd8 18. Qc2 Be6 19. Kh2 Rd7 20. g3 Ng6 21. Kg1 Rad8 22. b4 Na7 23. Nb3 {[%emt 0:00:07][%cal Bd2b3,Bb3c5,Bc5d3][%mdl 32] Strongly threatening Nc5.} Rd6 24. Nc5 Bc8 25. Bg2 Nb5 26. Bf1 Nf8 27. Nd3 Ng6 28. Nc5 c6 29. Kg2 Nc7 30. Rae1 Ne6 31. Nxe6 Bxe6 32. Be2 Bc8 33. Rd1 Rxd1 34. Bxd1 Qe6 35. Ng1 Qe7 36. Be2 {[%emt 0:00:05][%mdl 32768] Weighted Error Value: White=0.07 (flawless) /Black=0.07 (flawless) . Loss on time!?} 0-1

[Event "Alef Super Stars Blitz 2023"]
[Site "Almamsha"]
[Date "2023.12.06"]
[Round "5.2"]
[White "Yu, Yangyi"]
[Black "Nihal Sarin"]
[Result "1/2-1/2"]
[ECO "B06"]
[WhiteElo "2714"]
[BlackElo "2688"]
[Annotator "TA"]
[PlyCount "128"]
[EventDate "2023.11.27"]
[EventType "tourn"]
[EventCountry "UAE"]
[SourceTitle "playchess.com"]
[Source "ChessBase"]
[SourceQuality "1"]
[TimeControl "180+2"]

1. e4 g6 2. d4 Bg7 3. Nf3 d6 4. Bc4 e6 5. c3 Ne7 6. Nbd2 {[%emt 0:00:08] B06: Modern Defence.} O-O 7. O-O d5 8. Bb3 {[%emt 0:00:06] White is slightly better.} dxe4 9. Nxe4 b6 {[%emt 0:00:08] [#]} 10. Bg5 $146 {[%emt 0:00:03] White is more active.} ({Predecessor:} 10. Re1 h6 11. a3 Bb7 12. Bf4 Nd7 13. Qe2 Rc8 14. Rad1 Bxe4 15. Qxe4 Nf6 16. Qe2 {½-½ Damm,G-Guenther,L Wch Seniors 02nd 1992 (8)}) 10... Nd7 (10... h6 $14) 11. d5 $18 exd5 12. Bxd5 Rb8 13. Re1 {[%emt 0:00:04] Threatens to win with Nd4.} h6 (13... Kh8 {was necessary.}) 14. Bxe7 (14. Nd6 $1 $18 hxg5 15. Nxf7 Rxf7 16. Bxf7+ Kh8 17. Nxg5) 14... Qxe7 $16 15. Nd4 (15. Neg5 $1 $16 Qf6 16. Ne6) 15... Ne5 $1 $11 16. f4 Qd7 $1 17. Bb3 (17. Nc2 $5 Nc6 18. Qf3 $11) 17... Nc6 18. Nf3 Na5 19. Qxd7 Bxd7 20. Ne5 Bxe5 21. fxe5 Kg7 22. Nf6 Rbd8 23. Nxd7 Rxd7 24. Rad1 {[%emt 0:00:13] Inhibits Rd2.} Rfd8 25. Rxd7 Rxd7 {[%emt 0:00:01][%mdl 4096] Endgame KRB-KRN} 26. e6 (26. Ba4 $5 Rd2 27. b4 Rxa2 28. Bb5 $11) 26... Re7 27. Bd5 c6 28. Bf3 Rxe6 29. Rxe6 fxe6 {[%emt 0:00:01] KB-KN} 30. b4 Nc4 31. Bxc6 Kf6 32. Bb5 $2 (32. Kf2 $11) 32... Ne3 $1 $19 33. c4 $2 {[%emt 0:00:09] Against Nd5} (33. a3 $17 {might work better.}) 33... Nc2 34. c5 Nxb4 35. cxb6 axb6 36. a3 Nc2 37. a4 Nd4 (37... Ne3 $19 {aiming for ...Ke5.} 38. Kf2 Nd5) 38. Bd3 (38. Be8 $17) 38... g5 39. Kf2 {[%emt 0:00:01] [#]} Nb3 (39... Ke5 $1 $19 {has better winning chances. ...Nf5 would be deadly.} 40. g3 Kd5) 40. Bc2 Nc5 41. Kf3 Ke5 {[%emt 0:00:05] And now ...Kd4 would win.} 42. Kg4 Kf6 ({Black should try} 42... Kd6 $17 43. Kh5 e5 44. Kxh6 e4 45. Kxg5 e3) 43. Kh5 $2 (43. Kf3 $1 $11 {and White is okay.}) 43... Kg7 $2 (43... e5 $19 {Strongly threatening ...e4.} 44. Kg4 e4) 44. g3 $2 (44. h4 $15) 44... Nd7 $2 (44... e5 45. Kg4 e4) 45. Kg4 Ne5+ 46. Kh5 Nc4 ({Black should play} 46... Nf3 $17 47. h3 e5) 47. h4 (47. Bb3 $11 {was the only way to keep the balance.} Nb2 48. Bxe6) 47... gxh4 $17 48. Kxh4 Ne3 49. Bb3 (49. Bb1 $17 {is a better chance.}) 49... e5 $19 50. g4 Kg6 51. Ba2 {[%emt 0:00:06] [#]} Ng2+ $2 (51... Nd1 $1 $19 52. Bb1+ Kf7) 52. Kg3 $11 Nf4 {[%emt 0:00:01] Hoping for ...Nd3.} 53. Kh4 $2 (53. Kf3 $11) 53... Kf6 {[%emt 0:00:01] ...e4 is the strong threat.} 54. Bb1 {[%emt 0:00:02] Inhibits e4.} Nd5 $2 ({Better is} 54... Ke6 $19 55. g5 hxg5+ 56. Kxg5 Kd5) 55. Kh5 $1 Kg7 (55... Nc3 $5 56. Bc2 Ke7 57. Kxh6 e4 $11) 56. g5 {[%emt 0:00:01] The position is equal.} hxg5 57. Kxg5 Nc3 58. Bc2 Nd5 59. Kf5 Ne3+ 60. Kxe5 Nxc2 61. Kd5 Nb4+ 62. Kc4 Na6 63. Kb5 Nc5 64. Kxb6 Nxa4+ {[%emt 0:00:05] Never resign too early!   Weighted Error Value: White=0.69/Black=0.65} 1/2-1/2

[Event "Alef Super Stars Blitz 2023"]
[Site "Almamsha"]
[Date "2023.12.06"]
[Round "6.1"]
[White "Salem, A.R. Saleh"]
[Black "Yu, Yangyi"]
[Result "0-1"]
[ECO "E27"]
[WhiteElo "2639"]
[BlackElo "2714"]
[Annotator "TA"]
[PlyCount "107"]
[EventDate "2023.11.27"]
[EventType "tourn"]
[EventCountry "UAE"]
[SourceTitle "playchess.com"]
[Source "ChessBase"]
[SourceQuality "1"]
[TimeControl "180+2"]

1. d4 Nf6 2. c4 e6 3. Nc3 Bb4 4. a3 Bxc3+ 5. bxc3 O-O 6. f3 Ne8 7. h4 {[%emt 0:00:05] [#] E27: Nimzo-Indian: Sämisch: 5...0-0 6 f3.} c5 $1 8. h5 (8. e4 Nc6) 8... h6 {[%emt 0:00:06] [#]} 9. e4 $146 ({Predecessor:} 9. Nh3 cxd4 10. cxd4 b5 11. cxb5 a6 12. g4 f6 13. Qd3 Qa5+ 14. Bd2 Qxb5 15. e3 Qxd3 16. Bxd3 {½-½ Maze,S (2539)-David,A (2533) FRA-chT Top 16 GpA 2023 (5.3)}) 9... d5 10. e5 Nc6 11. Be3 Qa5 12. Qd2 Nc7 13. f4 (13. Rh4 $11 {remains equal.}) 13... cxd4 $17 14. cxd4 Qxd2+ 15. Kxd2 (15. Bxd2 $17 Nxd4 16. Rd1) 15... Na5 $1 $19 {[%emt 0:00:03] aiming for ...Nb3+.} 16. Ke1 dxc4 (16... Nxc4 17. Kf2 $17) 17. Rb1 Nd5 18. Bd2 c3 19. Bc1 Bd7 20. Bd3 Rfc8 21. Ne2 Rab8 22. Rh3 Ba4 23. f5 c2 24. Rb2 Nc4 {[%emt 0:00:01] Excellent horsemanship.} (24... Nb3 $142 25. Bxc2 Nxc1 26. Bxa4 Nxe2 27. Rxe2 Nf4 28. fxe6 Rc1+ 29. Kd2 Rc4 30. exf7+ Kf8) 25. Ra2 $17 Bb3 {[%emt 0:00:04] Black is much more active.} 26. Ra1 a5 (26... Rc6 $15) 27. Rg3 (27. f6 $1 $11 gxf6 28. exf6) 27... Kh8 28. Be4 a4 29. Bxd5 exd5 30. Nf4 (30. Bd2 $142) 30... Na5 31. e6 (31. Bb2 $17 {is a better defense.}) 31... fxe6 $1 $19 32. Nxe6 Re8 $2 (32... Bc4 $1 $19 {...Bb5 is the strong threat.} 33. Rxg7 Rg8 34. Bxh6 Nb3 35. Rxg8+ Rxg8) 33. Bf4 $1 $15 Rbc8 {[%emt 0:00:02] White must now prevent ...Re7.} 34. Rc1 {[%emt 0:00:01][%cal Of4e5] And now Be5! would win.} Nc6 35. Kd2 Re7 36. Bd6 (36. Rg6 $1 $11) 36... Rf7 $1 $36 {[%emt 0:00:01][%mdl 2048] Black has strong initiative.} 37. Rf3 Kh7 ({Black should play} 37... Na5 $17 {...Nc4+ would be deadly.} 38. Bb4 Nc4+ 39. Ke2 Re8) 38. g4 $15 Na5 39. g5 $1 Nc4+ (39... Kg8 $5 40. g6 Nc4+ 41. Ke1 Nxd6 42. gxf7+ Kxf7 $17) 40. Ke2 (40. Ke1 $1 $11 Kg8 41. g6 Nxd6 42. gxf7+ Kxf7 43. Nc5) 40... Nxd6 41. g6+ Kg8 42. gxf7+ Kxf7 {[%emt 0:00:01] Threatens to win with ...b6.} 43. Nc5 Nb5 44. Kd3 (44. Kd2 $17) 44... Bc4+ (44... Nxa3 45. Rg3 $17) 45. Ke3 {[%emt 0:00:02] [#]} Re8+ $2 (45... Nxa3 46. Rg3 $15) (45... Be2 $1 $19 46. Rh3 Re8+ 47. Kd2 Bd1 48. Rxd1 cxd1=N 49. Kxd1 Nxd4 50. Nxa4 Nxf5) 46. Ne6 $11 Nxa3 {[%emt 0:00:03] Hoping for ...b5.} 47. Rg1 Nb5 48. Rxg7+ Kf6 49. Rg6+ Ke7 {[%emt 0:00:03] Really sharp!} 50. Kd2 Kd7 $2 (50... Rc8 $11 51. Re3 (51. Rxh6 $2 c1=B+ {[%mdl 64] Decoy} 52. Kxc1 Be2+ {[%mdl 64] Discovered Attack} 53. Kd2 Bxf3 $19) 51... Bd3 52. Nf4+ (52. Rxd3 c1=Q+ 53. Ke2 Rc2+ 54. Kf3 Qf1+ 55. Kg4 Qxd3 56. Nf4 Qd1+ 57. Kg3 Qg1+ 58. Kh4 Rh2+ 59. Nh3 Qe1+ 60. Rg3 Nxd4 61. f6+ Kxf6 62. Kg4 Qe4+ 63. Nf4 Qf5#) 52... Be4 53. Nxd5+ (53. Rxh6 $2 c1=Q+ 54. Ke2 Rc2#) 53... Kf8 54. Rf6+ (54. Rxe4 $2 c1=Q+ 55. Kd3 Qa3+ 56. Kd2 Qa2+ 57. Ke3 Qxd5 $19) 54... Kg7 55. Rg6+ (55. Rxe4 $2 c1=Q+ 56. Kd3 Qc4+ 57. Ke3 Qxd5 $19) 55... Kf7 56. Rf6+ (56. Rxe4 c1=Q+ 57. Kd3 Qc4+ 58. Kd2 Qa2+ 59. Ke3 Qxd5 60. Rgg4 a3 61. Rgf4 Rc3+ 62. Kf2 Nxd4 63. Kg1 a2 64. Rg4 a1=Q+ 65. Kh2 Rc2+ 66. Rg2 Qxe4 67. Rxc2 Qah1+ {[%mdl 64] Skewer} 68. Kg3 Qhh4#) 56... Kg7 57. Rg6+ (57. Rxe4 c1=Q+ 58. Kd3 Qc4+ 59. Kd2 Qc1+ 60. Kd3 Qc4+ 61. Ke3 Qxd5 62. Rg6+ Kf7 63. Rge6 Qxf5 64. Re7+ Kf8 65. Ke2 Nc3+ 66. Ke3 Nd5+ 67. Ke2 Nxe7 68. Ke3 Nd5+ 69. Kd3 Qf3+ {[%mdl 64] Deflection} 70. Kd2 Qxe4 71. Kd1 Qg2 72. Ke1 Rc1#) 57... Kf8 58. Rf6+ (58. Rxe4 c1=Q+ 59. Kd3 Qa3+ 60. Kd2 Qc1+ 61. Kd3 Qc4+ 62. Kd2 Qa2+ 63. Ke3 Qxd5 64. Rxh6 Rc3+ 65. Kf4 Nxd4 66. Rh8+ Kg7 67. Re7+ Kxh8 68. Re8+ Kg7 69. h6+ Kxh6 70. Re3 Ne2+ {[%mdl 64] Deflection} 71. Rxe2 Rf3+ 72. Kg4 Qxf5+ 73. Kh4 Qh5#) 58... Kg7) 51. Re3 $18 {[%emt 0:00:03] Strongly threatening Nc5+.} (51. Kxc2 Be2 52. Rf2 Bxh5 53. Rxh6 Bf7 $18) 51... b6 {[%emt 0:00:01] [#] Against Nc5+} 52. f6 $1 Rxe6 {[%emt 0:00:02] [#]} (52... Nd6 53. Rg7+) 53. f7 $2 (53. Rg7+ $1 {mates} Kd6 54. f7 Rf6 55. Rg6 Rxg6 56. f8=Q+ (56. f8=R Rg2+ 57. Kc1 Nxd4 58. Rc3 Nb3+ 59. Rxb3 axb3 60. Rf6+ Kc5 61. Rg6 Re2 62. Rg1 Kb4 63. Kb2 c1=R+ {[%mdl 64] Decoy, Promotion} 64. Kxc1 b2+ 65. Kb1 Bd3+ 66. Ka2 b1=Q#) 56... Kc6 57. hxg6 Nc3 58. g7 (58. Kxc3 $2 c1=Q+ 59. Kb4 Qb2+ 60. Kxa4 Bb5#) 58... Ne4+ 59. Kxc2) 53... Rxe3 (53... Nxd4 $2 54. f8=Q (54. f8=B Rxe3 55. Bxh6 Rd3+ 56. Ke1 Rd1+ 57. Kf2 Nf5 $19) 54... Rxg6 55. hxg6 $18) 54. Rd6+ $2 {[%emt 0:00:06][%mdl 8192] Both players deserved the win here.   Weighted Error Value: White=0.31/Black=0.41} (54. f8=R {is a self mate.} Re2+ 55. Kc1 Nxd4 56. Rg7+ Kc6 57. Rg6+ Kb5) (54. f8=Q $11 Rd3+ 55. Kxc2 Nxd4+ 56. Kb1 Rd1+ 57. Kb2 Rd2+ 58. Kc3 Rd3+ 59. Kb2 (59. Kb4 $2 {leads to mate.} Rb3+ 60. Kxa4 Bb5#) 59... Rd2+ 60. Kc3 Rd3+ 61. Kb2 (61. Kb4 $2 Rb3+ 62. Kxa4 Bb5#) 61... Rd2+) 0-1

[Event "Alef Super Stars Blitz 2023"]
[Site "Almamsha"]
[Date "2023.12.06"]
[Round "6.2"]
[White "Nihal Sarin"]
[Black "Sjugirov, Sanan"]
[Result "1/2-1/2"]
[ECO "A17"]
[WhiteElo "2688"]
[BlackElo "2703"]
[Annotator "TA"]
[PlyCount "57"]
[EventDate "2023.11.27"]
[EventType "tourn"]
[EventCountry "UAE"]
[SourceTitle "playchess.com"]
[Source "ChessBase"]
[SourceQuality "1"]
[TimeControl "180+2"]

1. Nf3 d5 2. e3 Nf6 3. c4 e6 4. Nc3 Bd6 5. b3 O-O 6. Bb2 {[%emt 0:00:00] A17: English Opening: 1...Nf6 with ...Bb4.} Nc6 7. d4 dxc4 8. Bxc4 e5 {[%emt 0:00:04] [#]} 9. dxe5 $146 ({Predecessor:} 9. d5 Ne7 10. Qc2 Bf5 11. e4 Bg4 12. O-O-O c6 13. dxc6 Nxc6 14. Nb5 Bc5 15. Rxd8 {1-0 Schnatz,W-Baer,W DESC SZ071 email 2008}) 9... Nxe5 {[%emt 0:00:01] The position is equal.} 10. Be2 (10. Nxe5 {is interesting.} Bxe5 11. Qc2 Re8 12. O-O) 10... Nxf3+ 11. Bxf3 Qe7 12. O-O c6 {[%emt 0:00:06] Prevents Nb5} 13. Ne2 Be5 14. Bxe5 Qxe5 15. Qd4 Qe7 16. Qf4 a5 17. a3 Be6 18. Nd4 Rfd8 19. h3 g6 20. Nxe6 Qxe6 21. b4 Nd5 22. Qc4 Qe5 23. Rad1 axb4 24. Bxd5 {[%emt 0:00:04][%mdl 64] [#] Remove Defender} Rxd5 25. Rxd5 Qxd5 26. Qxd5 cxd5 27. axb4 $11 {[%emt 0:00:01] KR-KR} Ra4 28. Rd1 Rxb4 29. Rxd5 {[%emt 0:00:01] A rather calm draw.   Weighted Error Value: White=0.05 (flawless) /Black=0.03 (flawless)} 1/2-1/2

[Event "Alef Super Stars Blitz 2023"]
[Site "Almamsha"]
[Date "2023.12.06"]
[Round "7.1"]
[White "Nihal Sarin"]
[Black "Salem, A.R. Saleh"]
[Result "1-0"]
[ECO "D04"]
[WhiteElo "2688"]
[BlackElo "2639"]
[Annotator "TA"]
[PlyCount "119"]
[EventDate "2023.11.27"]
[EventType "tourn"]
[EventCountry "UAE"]
[SourceTitle "playchess.com"]
[Source "ChessBase"]
[SourceQuality "1"]
[TimeControl "180+2"]

1. d4 Nf6 2. Nf3 g6 3. Nbd2 d5 4. b3 Bg7 5. Bb2 O-O 6. e3 Bf5 7. Be2 {[%emt 0:00:04] D04: Colle System.} Ne4 8. c4 {[%emt 0:00:12] [#]} dxc4 $146 ({Predecessor:} 8... c5 9. Rc1 e6 10. O-O Nc6 11. cxd5 exd5 12. Ne5 Nxe5 13. dxe5 b6 14. Qe1 Be6 {½-½ Bourgault,J (1964)-Manarin,F (1972) W-ch WS/H/822 email 2021}) 9. Bxc4 {[%emt 0:00:39] The position is equal.} c5 10. Qc1 Nxd2 11. Qxd2 Nc6 12. Rd1 Bg4 13. dxc5 Bxb2 14. Qxb2 Qa5+ 15. Rd2 Bxf3 16. gxf3 Qxc5 17. O-O Qh5 18. Be2 Ne5 19. Kg2 $1 {[%emt 0:00:02] [#] Rd5 would be deadly.} Qg5+ 20. Kh1 {[%emt 0:00:01] And now f4 would win.} Nc6 21. Rd7 Rfd8 (21... Rab8 $11 {keeps the balance.}) 22. Rxb7 $16 {[%emt 0:00:07] White is more active.} Rd6 23. Rb5 Qh4 24. Rc5 Rad8 25. a3 (25. Qc3 $16 Rd2 26. Qc4 Qxc4 27. Bxc4) 25... Rd2 $11 26. Rc2 R8d5 {[%emt 0:00:03][%cal Od5h5] [#] ( -> ...Rh5!)} 27. f4 (27. Rxd2 $2 Rh5 $19) 27... Rxc2 (27... Qh3 $11 28. Re1 (28. Rxd2 Rh5) 28... Rxe2 {[%mdl 64] Remove Defender} 29. Rcxe2 Qf3+ 30. Kg1 Qg4+ 31. Kf1 Qh3+ 32. Kg1 Qg4+ 33. Kh1 Qf3+ 34. Kg1 Qg4+) 28. Qxc2 $16 Rd6 29. Kg2 Nd8 (29... g5 $16 30. fxg5 (30. Qf5 gxf4 31. Kh1 Kf8 $14) 30... Qxg5+ 31. Kh1 Qd5+ 32. f3 Ne5) 30. Rd1 Qf6 31. Rxd6 Qxd6 $18 {[%emt 0:00:01][%mdl 4096] Endgame KQB-KQN} 32. b4 f6 (32... e5 $16) 33. Qd3 Qb8 34. Qd7 {[%emt 0:00:04] Hoping for Qe8+.} Kf8 {[%emt 0:00:01] Prevents Qe8+.} 35. Bc4 Qa8+ $2 (35... Qb7+ {is a better defense.} 36. Qxb7 Nxb7) 36. Bd5 Qb8 37. a4 Nf7 38. Bxf7 Kxf7 {[%emt 0:00:06] KQ-KQ} 39. b5 {[%emt 0:00:01] Black must now prevent Qd5+.} Qa8+ (39... Qb6 40. Kf3 Qa5) 40. Kg1 Qf3 41. a5 ({Not} 41. Qxa7 Qg4+ 42. Kh1 (42. Kf1 Qd1+ 43. Kg2 Qg4+ 44. Kh1 Qf3+ 45. Kg1 Qg4+ 46. Kh1 Qf3+ 47. Kg1 $11) 42... Qf3+ 43. Kg1 Qg4+ 44. Kh1 (44. Kf1 Qd1+ 45. Kg2 Qg4+ 46. Kh1 Qf3+ 47. Kg1 $11) 44... Qf3+ 45. Kg1 $11) 41... Qe2 $2 (41... Qe4 42. a6 Qb1+ 43. Kg2 Qe4+ 44. Kg3 h5) 42. Qd5+ ({And not} 42. Qxa7 Qg4+ 43. Kh1 (43. Kf1 Qd1+ 44. Kg2 Qg4+ 45. Kh1 Qf3+ 46. Kg1 Qg4+ 47. Kh1 Qf3+ 48. Kg1 Qg4+ $11) 43... Qf3+ 44. Kg1 Qg4+ 45. Kh1 (45. Kf1 Qd1+ 46. Kg2 Qg4+ 47. Kh1 Qf3+ 48. Kg1 Qg4+ $11) 45... Qf3+ 46. Kg1 Qg4+ $11) 42... Kg7 43. b6 axb6 44. axb6 {[%emt 0:00:01] White wants to mate with b7.} Qb2 45. b7 h5 46. h3 h4 47. Kg2 Qb1 48. Qc6 Kf7 49. Qd5+ Kg7 50. Qc6 Kf7 $1 51. e4 Kg7 52. Qd5 Qb4 53. Qc6 Qb1 $1 54. e5 {[%emt 0:00:01] White mates.} fxe5 55. fxe5 Kh6 56. Qf3 Kg7 57. e6 Qb5 58. Qf7+ Kh6 59. Qf4+ g5 60. b8=Q {[%emt 0:00:03] Weighted Error Value: White=0.40/Black=0.31} 1-0

[Event "Alef Super Stars Blitz 2023"]
[Site "Almamsha"]
[Date "2023.12.06"]
[Round "7.2"]
[White "Yu, Yangyi"]
[Black "Sjugirov, Sanan"]
[Result "0-1"]
[ECO "B30"]
[WhiteElo "2714"]
[BlackElo "2703"]
[Annotator "TA"]
[PlyCount "118"]
[EventDate "2023.11.27"]
[EventType "tourn"]
[EventCountry "UAE"]
[SourceTitle "playchess.com"]
[Source "ChessBase"]
[SourceQuality "1"]
[TimeControl "180+2"]

1. e4 c5 2. Nf3 Nc6 3. Nc3 e5 4. Bc4 d6 5. d3 Be7 6. h3 Nf6 7. Nh2 {[%emt 0:00:02] B30: Sicilian: 2...Nc6 3 Bb5, lines without ...g6.} a6 $5 {[%emt 0:00:06][%mdl 4] seems to push 7...0-0 aside. Exploring less charted territory.} 8. a4 Be6 9. Ng4 {[%emt 0:00:02] The position is equal.} O-O 10. Nxf6+ Bxf6 11. O-O {[%emt 0:00:04] [#]} Bg5 $5 $146 {[%emt 0:00:02][%mdl 8] New and interesting.} (11... Nb4 $11 {keeps the balance.}) ({Predecessor:} 11... Nb4 12. Bd2 Rb8 13. a5 Qd7 14. Na4 Bd8 15. f4 exf4 16. Bxf4 Rc8 17. c3 Nc6 {1-0 Supi,L (2582)-Quintiliano Pinto,R (2509) Gaudium Masters Final blitz 2023 (1.1)}) 12. Bxe6 $16 fxe6 13. Qg4 $1 Bxc1 14. Qxe6+ (14. Rfxc1 Rf6 15. Qh4 Qb6 $15) 14... Kh8 15. Raxc1 ({Of course not} 15. Rfxc1 Nd4 16. Qg4 Qf6 $11) 15... Rf4 16. Ne2 Rf6 17. Qg4 Rg6 18. Qh5 Rh6 19. Qf3 Qg5 20. Qe3 Qh4 21. f4 Rf6 22. fxe5 Nxe5 23. Rxf6 Qxf6 24. Rf1 Qe6 25. b3 b5 26. Nf4 Qd7 27. Nd5 Rb8 {[%emt 0:00:03] Repels Nb6} 28. axb5 axb5 29. Qf4 {[%emt 0:00:10][%cal Of4f8] Threatening mate with Qf8+!} h6 30. Qf5 Qxf5 31. exf5 {[%emt 0:00:02][%mdl 4096] Endgame KRN-KRN} c4 (31... Nc6 $16 32. f6 Kg8) 32. bxc4 bxc4 33. d4 Nc6 (33... Nd7 $142 34. Ne3 Rb4) 34. c3 $18 Rb5 35. Nc7 (35. Nf4 $18) 35... Rb3 $16 36. f6 gxf6 37. Rxf6 Rxc3 (37... Nxd4 $142 38. Rxh6+ (38. cxd4 c3 $16) 38... Kg8) 38. Rxh6+ Kg8 39. Rxd6 Nb4 $2 (39... Ne7 $16 40. Kf2 Rd3) 40. Nd5 $1 $18 Rc1+ 41. Kh2 (41. Kf2 $142 Nc2 42. Nf4) 41... Nc2 42. Rd7 Kf8 43. Nf4 (43. h4 $18 {Strongly threatening h5.} Nxd4 44. h5) 43... Ne3 (43... Ke8 $16 {might work better.} 44. Rd5 Rd1) 44. Nd5 Nc2 45. h4 {[%emt 0:00:07] Black must now prevent h5.} Nxd4 46. h5 Nf5 {[%emt 0:00:10] Dodges h6} 47. g4 ({Only move:} 47. Rc7 $1 $18) 47... c3 $1 $14 48. gxf5 {[%emt 0:00:05] White wants to mate with h6. KRN-KR} (48. Rc7 $5 c2 $8 49. gxf5 $14) 48... Rd1 {[%emt 0:00:03] [#]} (48... c2 $1 $14) 49. h6 $1 $16 {[%emt 0:00:03] h7 would kill now.} c2 50. h7 Rh1+ 51. Kg2 $2 (51. Kxh1 $16 c1=Q+ 52. Kh2 Qh6+ 53. Kg2 Qg5+ 54. Kh3 Qh5+ 55. Kg3 Qg5+ 56. Kh3 Qh5+ 57. Kg3 Qg5+ 58. Kf3 Qxf5+ 59. Nf4 Qxd7 60. h8=Q+ (60. h8=B $2 {too greedy.} Kf7 $19) 60... Kf7 61. Qh5+ Kf6 62. Qg6+ Ke7 63. Qg5+ Kf7 64. Qh5+ Ke7 65. Qh4+ Ke8 66. Qe1+ Qe7 67. Qb1) 51... c1=Q (51... c1=R $2 52. Rd8+ Kg7 53. Rg8+ (53. f6+ Kxh7 54. f7 Rcg1+ 55. Kf3 Rf1+ 56. Kg2 Kg7 $11) 53... Kf7 54. h8=Q $18) 52. Rd8+ Kf7 (52... Kg7 $142 53. h8=B+ Rxh8 54. Rd7+ Kh6 55. Rd6+ Kg5 56. Rg6+ Kxf5 57. Ne7+ Ke5 58. Nc6+ Kf4 59. Rf6+ Kg5 60. Rf7 Qxc6+ 61. Kg1 Qe4 62. Rg7+ Kf4 63. Kf1 Rh1+ 64. Rg1 Kf3 65. Rxh1 Qb1#) 53. Rd7+ $19 {[%emt 0:00:01] [#]} Ke8 $1 54. Nf6+ Kf8 {[%emt 0:00:01] ( -> ...Qf1+)} 55. Rd8+ Ke7 {[%emt 0:00:00] Black mates.} 56. h8=Q Qf1+ 57. Kg3 Rg1+ 58. Kh4 Qf4+ 59. Kh5 Qg5# {[%emt 0:00:00] Beautiful play by Sjugirov!   Weighted Error Value: White=0.35/Black=0.25 (precise)} 0-1